 Dungeon Crawl Stone Soup version 0.28-a0-1447-ga5a8893891 (webtiles) character file.

Game seed: 16076300825240270323

52 kae the Changer (level 3, 0/28 HPs)
             Began as a Draconian Transmuter on Jan 10, 2022.
             Killed by divine providence
             ... invoked by an orc priest
              (13 damage)
             ... on level 3 of the Dungeon.
             The game lasted 00:01:03 (2412 turns).

kae the Changer (Draconian Transmuter)              Turns: 2412, Time: 00:01:03

Health: 0/28       AC:  5    Str: 12    XL:     3   Next: 60%
Magic:  5/6        EV: 16    Int: 15    God:
Gold:   143        SH:  0    Dex: 11    Spells: 3/7 levels left

rFire   . . .      SeeInvis .     - Unarmed
rCold   . . .      Faith    .   (no shield)
rNeg    . . .      Spirit   .   (armour unavailable)
rPois   .          Reflect  .   (helmet currently unavailable)
rElec   .          Harm     .   (no cloak)
rCorr   .          Rampage  .   (no gloves)
Will    .....                   (boots currently unavailable)
Stlth   +.........              (no amulet)
HPRegen 0.09/turn               b - +4 ring of evasion
MPRegen 0.10/turn               (no ring)

@: about to teleport, appendages
A: horns 2, talons 2, AC +5, unfitting armour, cold-blooded
a: End Transformation


You were on level 3 of the Dungeon.
You had temporarily grown beastly horns and talons.
You visited 1 branch of the dungeon, and saw 3 of its levels.

You collected 143 gold pieces.

Inventory:

Jewellery
 b - a +4 ring of evasion (left hand)
 d - a ring of ice
Scrolls
 a - a scroll of identify
 h - a scroll of blinking {unknown}
Potions
 e - a potion of attraction
 f - a potion of curing
 g - a potion of heal wounds {unknown}


   Skills:
 - Level 1.1 Fighting
 - Level 1.7 Dodging
 - Level 3.0 Unarmed Combat
 + Level 2.6 Spellcasting
 * Level 3.4 Transmutations
 + Level 0.4 Poison Magic


You had 3 spell levels left.
You knew the following spells:

 Your Spells              Type           Power      Damage    Failure   Level
a - Beastly Appendage     Tmut           24%        N/A       4%          1
b - Spider Form           Tmut/Pois      7%         N/A       28%         3

Your spell library contained the following spells:

 Spells                   Type           Power      Damage    Failure   Level
 Wereblood                Tmut           12%        N/A       8%          2
 Gell's Gravitas          Tloc           1%         N/A       54%         3
 Teleport Other           Tloc           1%         N/A       54%         3
 Ice Form                 Ice/Tmut       7%         N/A       71%         4
 Dispersal                Tloc           0%         N/A       100%        6


Dungeon Overview and Level Annotations

Branches:
Dungeon (3/15)

Altars:


Innate Abilities, Weirdness & Mutations

You have temporarily grown beastly horns and talons.
Your plain brown scales are hard. (AC +5)
You cannot fit into any form of body armour.
You are cold-blooded and may be slowed by cold attacks.


Message History

No target in view!
No target in view!
You now have 121 gold pieces (gained 8).
You now have 129 gold pieces (gained 8).
You now have 143 gold pieces (gained 14).
An orc priest comes into view. It is wielding a +0 short sword.
The orc priest shouts!
You hear a shout!
A hobgoblin comes into view.
An orc comes into view. It is wielding a +0 club.
An orc comes into view.
It is wielding a +0 hand axe and quivering boomerangs of dispersal.
Found a purple potion.
The orc shouts! x2; The hobgoblin shouts!
You hear a shout!
The orc throws a boomerang of dispersal.
The boomerang of dispersal closely misses you.
An orc comes into view. It is wielding a +0 club.
An orc comes into view. It is wielding a +0 whip.
The orc throws a boomerang of dispersal.
The boomerang of dispersal misses you.
The orc priest invokes the aid of Beogh against you.
Beogh smites you!
Ouch! That really hurt!
The orc shouts!
Casting: Beastly Appendage (safe; 4% risk of failure)
Confirm with . or Enter, or press ? or * to list all spells.
You grow a pair of large bovine horns.
Your feet morph into talons.
The orc priest barely misses you.
There are monsters nearby!
There are monsters nearby!
You are too injured to fight recklessly!
You are too injured to fight recklessly!
There are monsters nearby!
You are too injured to fight recklessly!
You are too injured to fight recklessly!
Okay, then.
As you read the scroll labelled JOWEAH WUOSSU, it crumbles to dust.
You feel strangely unstable.
It was a scroll of teleportation.
The hobgoblin completely misses you.
The orc priest invokes the aid of Beogh against you.
Beogh smites you!
You die...

#.#......#.. ......
##.#...#..#.. ......
##.... ...... ......#
#...###....#
...o...#+##...##....#
.........†..........###
....oo..........).....#
####.og...........#...#
#.....o@........).# .#
#.....#...........# .##
#.... #..##...[.###
#..> #!..
#.###.#....###.... #..
...# #.#.#......... #.
..### #.#..##.#..... #
.... #.##.##.....#. ...
#.##....†#..#. ..
#.##.#.#.#....


You could see an orc priest, 4 orcs and a hobgoblin.

Vanquished Creatures
  A worm (D:2)
  8 endoplasms
  2 giant cockroaches
  4 hobgoblins
  2 quokkas (D:1)
  7 ball pythons
  4 bats
  A frilled lizard (D:1)
  5 goblins
  5 kobolds
  5 rats
44 creatures vanquished.

Notes
Turn   | Place    | Note
-------+----------+-------------------------------------------
     0 | D:1      | kae the Draconian Transmuter began the quest for the Orb.
     0 | D:1      | Reached XP level 1. HP: 16/16 MP: 3/3
   365 | D:1      | Found a faded altar of an unknown god.
   390 | D:1      | Reached XP level 2. HP: 9/23 MP: 3/5
  1393 | D:2      | Reached XP level 3. HP: 28/28 MP: 4/6
  1397 | D:2      | Learned a level 3 spell: Spider Form
  2412 | D:3      | Killed from afar by an orc priest

Illustrated notes

Levels and vault maps discovered:
D:1:      sevenhm_arrival_forest_fort_small_4, layout_basic,
          chequers_ecumenical_altar_simple_redux
D:2:      layout_basic, serial_glass, glass_columns_a, glass_columns_b
D:3:      layout_rooms, pdpol_temple_overflow_zin_treasury_gozag_greed,
          ebering_ghost_disaster_area

Skill      XL: |  1  2 |
---------------+-------+-----
Transmutations | 3 |  3.4
Fighting       | |  1.1
Dodging        | |  1.7
Unarmed Combat | |  3.0
Spellcasting   | |  2.6
Poison Magic   | |  0.4

Action                   || total
-------------------------++-------
Melee: Unarmed           ||   107
       Kick              ||    12
       Tailslap          ||    14
       Headbutt          ||     6
       Punch             ||     3
 Cast: Beastly Appendage ||    24
  Use: Scroll            ||     5
Armor: Skin              ||    41
Dodge: Dodged            ||    96

Table legend: (Time is in decaauts)
 A = Elapsed time spent in this place.
 B = Non-inter-level travel time spent in this place.
 C = Inter-level travel time spent in this place.
 D = Time resting spent in this place.
 E = Time spent auto-exploring this place.
 F = Levels seen in this place.
 G = Mean time per level.
                   A        B        C        D        E       F      G
               +--------+--------+--------+--------+--------+-----+--------+
         Total |   2411 |   2383 |     28 |      0 |   2065 |   3 |  803.7 |
       Dungeon |   2411 |   2383 |     28 |      0 |   2065 |   3 |  803.7 |
               +--------+--------+--------+--------+--------+-----+--------+

Top non-repeatable levels by time:
     D:1: 1299 daAuts
     D:2: 1016 daAuts
     D:3: 96 daAuts
